 Dungeon Crawl Stone Soup version 0.20.0-7-g3b7b877 (webtiles) character file.

63 manyhoops the Skirmisher (level 4, -4/49 HPs)
             Began as an Ogre Hunter on May 29, 2017.
             Slain by a worm (12 damage)
             ... on level 1 of the Dungeon.
             The game lasted 00:03:30 (1531 turns).

manyhoops the Skirmisher (Ogre Hunter)              Turns: 1531, Time: 00:03:32

Health: -4/49      AC:  3    Str: 17    XL:     4   Next: 10%
Magic:  4/4        EV: 10    Int: 12    God:
Gold:   42         SH:  0    Dex:  9    Spells: 3/3 levels left

rFire    . . .     SeeInvis .   i - +0 club
rCold    . . .     Gourm    .   (no shield)
rNeg     . . .     Faith    .   b - +0 robe
rPois    .         Spirit   .   (helmet restricted)
rElec    .         Reflect  .   (no cloak)
rCorr    .         Harm     .   (gloves unavailable)
MR       .....                  (boots unavailable)
Stlth    +.........             (no amulet)
Regen    0.2/turn               (no ring)
MPRegen  0.1/turn               (no ring)

@: no status effects
A: unfitting armour, tough skin 1
a: no special abilities


You were on level 1 of the Dungeon.
You were not hungry.

You visited 1 branch of the dungeon, and saw 2 of its levels.

You collected 42 gold pieces.

Inventory:

Hand Weapons
 a - a +0 short sword
 i - a +0 club (weapon)
Armour
 b - a +0 robe (worn)
Scrolls
 j - 3 scrolls of fog
 k - a scroll of magic mapping
Potions
 h - a potion of flight
Comestibles
 f - 2 bread rations


   Skills:
 - Level 4.3 Fighting
 + Level 2.1 Maces & Flails
 - Level 4.0 Throwing
 - Level 1.7 Dodging
 - Level 0.6 Stealth


You had 3 spell levels left.
You didn't know any spells.

Dungeon Overview and Level Annotations

Branches:
Dungeon (2/15)

Altars:


Innate Abilities, Weirdness & Mutations

You are too large for most types of armour.
You have tough skin. (AC +1)


Message History

You barely miss the worm. The worm bites you.
You barely miss the worm. The worm closely misses you.
There is a stone staircase leading down here.
There is a stone staircase leading down, spattered with blood here.
You climb downwards.
The gnoll closely misses you.
There is a stone staircase leading up, spattered with blood here.
The gnoll hits you with a flail!
You climb upwards.
There is a stone staircase leading down, spattered with blood here.
You see here a stone.
The gnoll barely misses you.
As you read the scroll labeled CECYNNACSU, it crumbles to dust.
It is a scroll of identify.
You don't have any unidentified items.
The gnoll barely misses you. The gnoll hits you with a flail.
The gnoll hits you with a flail!
* * * LOW HITPOINT WARNING * * *
The worm bites you!
You die...

.###.......##....####..###..#....
..##.####......##.....## ##.#####
#....# ##.#.##>#..##### #.#
########.....#...## #.#
#####.....#....## #.##
#..............### #..#
##......#######...## ##.#
...###.## #.#w.#### #.## ...#...#
#.@.....# #..## .#...###
###.###.# ##..## ##..## #g# #.#
##..# ##.# #.###.## ##.. #..##
#..##..# ##. #...#### ####.###.##
#. ##.#..).#######.##...#..# ##
##.####..#......##...##.## #
#..###.....#[.####...##..### #


You could see a worm and a gnoll.

Vanquished Creatures
  2 gnolls
  An adder (D:2)
  A dart slug (D:2)
  A leopard gecko (D:1)
  6 bats (D:1)
  5 giant cockroaches
  4 goblins
  A hobgoblin (D:1)
  2 ball pythons
  2 frilled lizards
  5 kobolds
  4 rats (D:1)
34 creatures vanquished.

Notes
Turn   | Place    | Note
-------+----------+-------------------------------------------
     0 | D:1      | manyhoops the Ogre Hunter began the quest for the Orb.
     0 | D:1      | Reached XP level 1. HP: 22/22 MP: 1/1
    97 | D:1      | Reached XP level 2. HP: 14/31 MP: 2/2
   699 | D:1      | Reached XP level 3. HP: 34/40 MP: 3/3
   876 | D:1      | Reached skill level 1 in Maces & Flails
  1410 | D:2      | Found a faded altar of an unknown god.
  1423 | D:2      | Reached XP level 4. HP: 42/49 MP: 4/4
  1531 | D:1      | Slain by a worm

Skill      XL: |  1  2  3 |
---------------+----------+-----
Fighting       | 3 4 |  4.3
Maces & Flails | 2 |  2.1
Throwing       | |  4.0
Dodging        | |  1.7
Stealth        | |  0.6

Action                   |  1- 3 |  4- 6 || total
-------------------------+-------+-------++-------
Melee: Short sword       |    70 |       ||    70
       Club              |    63 |     9 ||    72
Throw: Large rock        |    21 |       ||    21
       Throwing net      |     3 |       ||     3
  Use: Potion            |     4 |       ||     4
       Scroll            |     2 |     1 ||     3
 Stab: Held in net/web   |     1 |       ||     1
       Sleeping          |     1 |       ||     1
  Eat: Chunk             |     2 |       ||     2
Armor: Robe              |    95 |       ||    95
Dodge: Dodged            |   127 |     7 ||   134
